 Dungeon Crawl Stone Soup version 0.25-a0-424-g80bd347ae0 (webtiles) character file.

Game seed: 12096483894378624377, levelgen mode: deterministic

3049 kae the Carver (level 10, -1/70 HPs)
             Began as a Formicid Fighter on Jan 22, 2020.
             Was a Believer of Qazlal.
             Slain by an acid dragon (7 damage)
             ... on level 8 of the Dungeon.
             The game lasted 00:08:11 (7277 turns).

kae the Carver (Formicid Fighter)                   Turns: 7277, Time: 00:08:11

Health: -1/70      AC:  2    Str: 30    XL:     10   Next: 11%
Magic:  0/14       EV: 10    Int:  7    God:    Qazlal [**....]
Gold:   329        SH: 14    Dex: 10    Spells: 9/9 levels left

rFire    . . .     SeeInvis +   a - +0 long sword
rCold    . . .     Gourm    .   c - +0 shield
rNeg     . . .     Faith    .   b - +0 scale mail
rPois    .         Spirit   +   (helmet unavailable)
rElec    .         Reflect  .   q - scarf {Spirit}
rCorr    .         Harm     +   (no gloves)
MR       +....                  (no boots)
Stlth    ..........             j - amulet of harm
HPRegen  0.21/turn              (no ring)
MPRegen  0.14/turn              (no ring)

@: mighty, corroded, lightly drained
A: permanent stasis, dig shafts and tunnels, four strong arms, antennae 3
a: Dig, Shaft Self, Upheaval, Renounce Religion


You were on level 8 of the Dungeon.
You worshipped Qazlal.
Qazlal was pleased with you.
You were very hungry.

You visited 2 branches of the dungeon, and saw 9 of its levels.

You collected 385 gold pieces.
You spent 56 gold pieces at shops.

Inventory:

Hand Weapons
 a - a +0 long sword (weapon)
 h - the +7 flail of the Open Hand {protect, MR+ SInv}
   (You found it on level 4 of the Dungeon)

   It grants its wielder temporary protection when it strikes (+7 to AC).
   It affects your resistance to hostile enchantments.
   It lets you see invisible.
Armour
 b - a +0 scale mail (worn)
 c - a +0 shield (worn)
 q - a scarf of spirit shield (worn)
Jewellery
 j - an amulet of harm (around neck)
Wands
 r - a wand of polymorph (7)
Scrolls
 e - 3 scrolls of fog
 g - a scroll of identify
 k - 2 scrolls of amnesia
 o - a scroll of fear
Potions
 d - a potion of might
 i - 2 potions of magic
 l - a potion of invisibility
 m - 2 potions of agility {unknown}
 n - 2 potions of heal wounds {unknown}
 p - 3 potions of lignification {unknown}
 s - a potion of cancellation {unknown}
Comestibles
 f - 9 rations


   Skills:
 - Level 3.2(2.8) Fighting
 * Level 10.4(9.9) Long Blades
 - Level 3.2(2.8) Armour
 - Level 9.1(8.6) Shields
 + Level 5.9(5.4) Invocations


You had 9 spell levels left.
You didn't know any spells.
Your spell library contained the following spells:

 Spells                   Type           Power        Failure   Level  Hunger
 Animate Skeleton         Necr           N/A          71%         1    ##.....
 Apportation              Tloc           #.....       71%         1    ##.....
 Corona                   Hex            #......      71%         1    ##.....
 Summon Small Mammal      Summ           #...         71%         1    ##.....
 Confusing Touch          Hex            #.......     97%         3    ####...
 Gell's Gravitas          Tloc           #.........   97%         3    ####...
 Petrify                  Tmut/Erth      #.......     100%        4    #####..
 Metabolic Englaciation   Hex/Ice        #.........   100%        5    ######.
 Yara's Violent Unravell  Hex/Tmut       #.........   100%        5    ######.


Dungeon Overview and Level Annotations

Branches:
Dungeon (9/15)             Temple (1/1) D:5
   Lair: D:8-11         Orc: D:9-12

Altars:
Ashenzari
Cheibriados
Dithmenos
Elyvilon
Fedhas
Gozag
Hepliaklqana
Kikubaaqudgha
Makhleb
Nemelex Xobeh
Okawaru
Qazlal
Ru
Sif Muna
Uskayaw
Vehumet
Wu Jian
Xom
Yredelemnul
Zin
The Shining One

Shops:
D:6 (=

Annotations:
D:3 2 transporters, kinoniko's ghost, amateur DrGl
D:8 Maurice


Innate Abilities, Weirdness & Mutations

You cannot be hasted, slowed, berserked, paralysed or teleported.
You can dig through walls and to a lower floor.
Your four strong arms can wield two-handed weapons with a shield.
You have a pair of large antennae on your head. (SInv)


Message History

You destroy the wight!
Qazlal accepts your kill. The acid dragon spits acid at you.
The splash of acid hits you! The acid corrodes you!
You are splashed with acid!
The wight throws a stone.
The stone hits you.
* * * LOW HITPOINT WARNING * * *
You feel very mighty all of a sudden.
You barely miss the acid dragon.
The wight hits you from afar with a +5 trident!
* * * LOW HITPOINT WARNING * * *
You feel drained.
* * * LOW HITPOINT WARNING * * *
You hit the acid dragon but do no damage.
The acid dragon bites you.
* * * LOW HITPOINT WARNING * * *
The acid dragon claws you.
* * * LOW HITPOINT WARNING * * *
You closely miss the acid dragon. You block the wight's attack.
The acid dragon bites you!
You die...

... #o#.#.# ## .⌠.
#.#.#.# #. ... #.#.#.#..#
#.# #.#.#.#..# {##z## ###
#.#.#.## ##)).####.##
#.#.###. #.....##..(##
##.###..
#..###z###..#..###.###..#
#....)D@(.###...........
#####.(###.#.###########
#(.# ..# #..# #.## ...#
#.# ..... ..# .###### ##
..


You could see an acid dragon and a wight.

Vanquished Creatures
  A gargoyle (D:8)
  Prince Ribbit (D:8)
  Grinder (D:4)
  An orc warrior (D:8)
  2 ice beasts (D:5)
  2 sky beasts
  A phantom (D:6)
  5 ogres
  A centaur (D:8)
  A crocodile (D:8)
  A big kobold (D:8)
  A bullfrog (D:3)
  2 scorpions
  A killer bee (D:8)
  3 wights (D:8)
  2 centaur zombies
  2 crimson imps
  3 hounds
  A jelly (D:9)
  A bullfrog skeleton (D:8)
  4 orc priests
  An iguana (D:4)
  3 orc wizards
  3 worker ants
  3 gnolls (D:6)
  8 adders
  A shadow imp (D:5)
  2 oozes
  3 adder skeletons
  3 worms
  2 dart slugs
  2 leopard geckos
  24 orcs
  5 ball pythons
  8 bats
  7 giant cockroaches
  11 goblins
  11 hobgoblins
  6 jackals
  3 quokkas
  5 frilled lizards
  2 jackal skeletons
  12 kobolds
  A leopard gecko skeleton (D:4)
  A quokka skeleton (D:5)
  A quokka zombie (D:4)
  11 rats
176 creatures vanquished.

Notes
Turn   | Place    | Note
-------+----------+-------------------------------------------
     0 | D:1      | kae the Formicid Fighter began the quest for the Orb.
     0 | D:1      | Reached XP level 1. HP: 18/18 MP: 1/1
    93 | D:1      | Reached XP level 2. HP: 24/24 MP: 2/2
   329 | D:1      | Reached XP level 3. HP: 29/29 MP: 3/3
   576 | D:1      | Reached skill level 3 in Long Blades
  1203 | D:2      | Found a glowing golden altar of the Shining One.
  1264 | D:2      | Reached XP level 4. HP: 29/35 MP: 4/4
  2110 | D:3      | Reached skill level 4 in Long Blades
  2200 | D:3      | Reached XP level 5. HP: 14/41 MP: 3/5
  2500 | D:3      | Found a transporter.
  2500 | D:3      | Noticed a bullfrog
  2510 | D:3      | Killed a bullfrog
  2510 | D:3      | Reached skill level 5 in Shields
  2528 | D:3      | Noticed kinoniko's ghost (amateur DrGl)
  2531 | D:3      | Noticed an ogre
  2537 | D:3      | Found a transporter.
  2537 | D:3      | Noticed an ogre
  2538 | D:3      | Noticed an ogre
  2863 | D:4      | Reached XP level 6. HP: 38/47 MP: 6/6
  2982 | D:4      | Reached skill level 5 in Long Blades
  3895 | D:4      | Noticed Grinder
  3931 | D:4      | Killed Grinder
  3931 | D:4      | Reached skill level 6 in Long Blades
  3931 | D:4      | Reached XP level 7. HP: 23/52 MP: 3/7
  4441 | D:4      | Reached skill level 7 in Long Blades
  4441 | D:4      | Reached XP level 8. HP: 34/58 MP: 6/8
  4701 | D:4      | Got a steaming flail
  4702 | D:4      | Identified the +7 flail of the Open Hand {protect, MR+
                  | SInv} (You found it on level 4 of the Dungeon)
  4748 | D:5      | Entered Level 5 of the Dungeon
  4812 | D:5      | Found a staircase to the Ecumenical Temple.
  4880 | Temple   | Entered the Ecumenical Temple
  5069 | Temple   | Became a worshipper of Qazlal Stormbringer
  5414 | D:5      | Reached skill level 8 in Long Blades
  5414 | D:5      | Reached skill level 1 in Invocations
  5803 | D:5      | Found an ornate altar of the Wu Jian Council.
  5803 | D:5      | Found a shimmering altar of Xom.
  5841 | D:5      | Reached * piety under Qazlal
  5852 | D:5      | Reached XP level 9. HP: 54/64 MP: 8/11
  5980 | D:6      | Found Jatyi's Jewellery Emporium.
  5985 | D:6      | Bought a cursed amulet of inaccuracy for 28 gold pieces
  5985 | D:6      | Bought a cursed -2 ring of dexterity for 28 gold pieces
  6084 | D:6      | Reached skill level 9 in Long Blades
  6099 | D:6      | Found Usumues's Antique Weapon Shop.
  6137 | D:6      | Found a white marble altar of Elyvilon.
  6374 | D:6      | You fall into a shaft and drop 3 floors!
  6385 | D:9      | Found an iron altar of Okawaru.
  6646 | D:8      | Noticed Maurice
  6788 | D:8      | Identified the +6 mace of the Beginning {elec, rElec rF+
                  | rC- MP+9}
  6871 | D:8      | Noticed a gargoyle
  6886 | D:8      | Killed a gargoyle
  6886 | D:8      | Reached skill level 10 in Long Blades
  6886 | D:8      | Reached skill level 5 in Invocations
  6927 | D:8      | Noticed Prince Ribbit
  6936 | D:8      | Killed Prince Ribbit
  6936 | D:8      | Reached XP level 10. HP: 8/70 MP: 3/14
  7231 | D:8      | Reached ** piety under Qazlal
  7277 | D:8      | Slain by an acid dragon

Levels and vault maps discovered:
D:1:      dpeg_arrival_yet_another_circle, layout_basic, minmay_domino_2
D:2:      layout_basic, tso_oasis_becter
D:3:      layout_basic, gammafunk_ghost_smash, minmay_diced_spiral
D:4:      minmay_clustersquares, layout_basic, first_ration, uniq_grinder
D:5:      layout_basic, gammafunk_temple_overflow_statue,
          minmay_temple_entry_grid, minmay_misc_feat_secret_circle,
          minmay_circle_x
D:6:      layout_loops_ring, kennysheep_mini, serial_shops,
          kennysheep_mini_moat, nicolae_shop_trees,
          nicolae_shop_window_shopping, chequers_serial_rivers_small_b
D:8:      minmay_the_grid_octo_2x2 [minmay_the_grid_octo_clover_2,
          minmay_the_grid_octo_toaster, minmay_the_grid_octo_odd_swirl,
          minmay_the_grid_octo_prize_square_snowflake], layout_loops_ring,
          nicolae_overflow_hidden_temple, dpeg_lair_monsters, uniq_maurice,
          uniq_joseph, uniq_prince_ribbit1
D:9:      layout_loops_corners, lemuel_crystal_altar, enter_bailey_8
Temple:   eino_temple_rhombus

Skill      XL: |  1  2  3  4  5  6  7  8  9 |
---------------+----------------------------+-----
Shields        | 4 5 6 7 9 |  9.1
Long Blades    | 3 4 6 7 8 10 | 10.4
Invocations    | 2 5 |  5.9
Fighting       | |  3.2
Armour         | |  3.2

Action                   |  1- 3 |  4- 6 |  7- 9 | 10-12 || total
-------------------------+-------+-------+-------+-------++-------
Melee: Long sword        |   115 |   187 |   353 |    39 ||   694
  Use: Scroll            |     2 |     8 |     1 |       ||    11
       Potion            |       |     3 |     2 |     1 ||     6
  Eat: Chunk             |       |    10 |    10 |       ||    20
Armor: Scale mail        |    51 |    48 |    59 |     8 ||   166
Dodge: Dodged            |    50 |    49 |    68 |     9 ||   176
Block: Shield            |    66 |    92 |   185 |    27 ||   370
       Rpst.: Long sword |    17 |    16 |    18 |     2 ||    53

Table legend:
 A = Non-vault XP
 B = Vault XP
 C = Vault XP percentage of total XP
 D = Non-vault monster count
 E = Vault monster count
 F = Vault count percentage of total count
                 A         B        C        D         E       F
            +---------+---------+-------+---------+---------+-------
      Total |    2508 |    1848 |  42.4 |     145 |      31 |  17.6
            +---------+---------+-------+---------+---------+-------
        D:1 |      36 |       2 |   5.3 |      23 |       1 |   4.2
        D:2 |      40 |       0 |   0.0 |      15 |       0 |   0.0
        D:3 |     177 |       8 |   4.3 |      30 |       4 |  11.8
        D:4 |     215 |     693 |  76.3 |      19 |      12 |  38.7
        D:5 |     820 |      81 |   9.0 |      25 |       5 |  16.7
        D:6 |     649 |       0 |   0.0 |      16 |       0 |   0.0
        D:8 |     513 |    1064 |  67.5 |      14 |       9 |  39.1
        D:9 |      58 |       0 |   0.0 |       3 |       0 |   0.0
            +---------+---------+-------+---------+---------+-------
